 Dungeon Crawl Stone Soup version 0.20.1-1-g8b1a95d (webtiles) character file.

243 mopl the Covered (level 6, 0/44 HPs)
             Began as a Formicid Wanderer on Sept 10, 2017.
             Was a Follower of Uskayaw.
             Slain by a river rat (1 damage)
             ... on level 3 of the Dungeon.
             The game lasted 00:03:54 (1981 turns).

mopl the Covered (Formicid Wanderer)                Turns: 1981, Time: 00:03:55

Health: 0/44       AC:  9    Str: 22    XL:     6   Next: 31%
Magic:  6/6        EV: 15    Int: 10    God:    Uskayaw [*.....]
Gold:   118        SH:  0    Dex: 18    Spells: 5/5 levels left

rFire    . . .     SeeInvis +   a - +0 hand axe
rCold    . . .     Gourm    .   (no shield)
rNeg     . . .     Faith    .   q - +2 scale mail
rPois    .         Spirit   .   (helmet unavailable)
rElec    .         Reflect  .   (no cloak)
rCorr    .         Harm     .   (no gloves)
MR       .....                  (no boots)
Stlth    ++........             (no amulet)
Regen    0.2/turn               (no ring)
MPRegen  0.1/turn               (no ring)

@: mighty, agile
A: permanent stasis, dig shafts and tunnels, four strong arms, antennae 3
a: Dig, Shaft Self, Stomp, Renounce Religion


You were on level 3 of the Dungeon.
You worshipped Uskayaw.
Uskayaw was noncommittal.
You were not hungry.

You visited 1 branch of the dungeon, and saw 3 of its levels.

You collected 118 gold pieces.

Inventory:

Hand Weapons
 a - a +0 hand axe (weapon)
Armour
 q - a +2 scale mail (worn)
Scrolls
 d - a scroll of amnesia {unknown}
 e - 2 scrolls of fear {unknown}
 g - a scroll of noise {unknown}
 h - a scroll of fog {unknown}
 n - a scroll of blinking {unknown}
 o - a scroll of identify {unknown}
 r - a scroll of teleportation {unknown}
 t - a scroll of random uselessness {unknown}
Potions
 c - a potion of degeneration {unknown}
 k - a potion of might
 l - a potion of agility
 p - a potion of brilliance {unknown}
 s - a potion of curing {unknown}
Comestibles
 b - 3 fruits
 f - a bread ration
 i - 2 royal jellies
 j - 5 chunks of flesh
 m - 3 meat rations


   Skills:
 + Level 2.2 Fighting
 * Level 4.0 Axes
   Level 1.0(2.6) Polearms
 + Level 5.3 Armour
 - Level 1.0 Dodging
 - Level 2.4 Stealth
   Level 1.2 Shields


You had 5 spell levels left.
You didn't know any spells.

Dungeon Overview and Level Annotations

Branches:
Dungeon (3/15)

Altars:
Ashenzari
Cheibriados
Dithmenos
Makhleb
Qazlal
Uskayaw
Vehumet


Innate Abilities, Weirdness & Mutations

You cannot be hasted, slowed, berserked, paralysed or teleported.
You can dig through walls and to a lower floor.
Your four strong arms can wield two-handed weapons with a shield.
You have a pair of large antennae on your head. (SInv)


Message History

Some of the chunks of flesh in your inventory have rotted away.
It was a potion of agility.
You feel agile all of a sudden. The river rat closely misses you.
You closely miss the river rat. The river rat misses you.
You hit the river rat.
The river rat is heavily wounded.
The river rat closely misses you.
You closely miss the river rat.
The river rat is heavily wounded.
The river rat bites you.
* * * LOW HITPOINT WARNING * * *
You barely miss the river rat.
The river rat is heavily wounded.
The river rat closely misses you.
You hit the river rat but do no damage.
The river rat is heavily wounded.
You hear the slow rusting of a drain.
The river rat bites you.
You die...

....###...###.#.
##......#..... .##
#.###..#....<.... #..
.##.......# { ###. .#≈≈...#.#
. #≈≈≈≈...# # #≈≈≈≈.rr# #.##
{ #r# #...#######@#
#...........#
#......#####################
#...........................
......#####################.#
...... #....# ....# #...<.
.... { ###### ... {


You could see 2 river rats and a rat.

Vanquished Creatures
  Sigmund (D:2)
  3 adders
  An ooze (D:3)
  4 dart slugs
  A leopard gecko (D:3)
  4 ball pythons
  4 bats
  7 giant cockroaches
  4 goblins
  4 hobgoblins
  7 jackals (D:1)
  A quokka (D:2)
  5 frilled lizards
  5 kobolds
  5 rats
56 creatures vanquished.

Notes
Turn   | Place    | Note
-------+----------+-------------------------------------------
     0 | D:1      | mopl the Formicid Wanderer began the quest for the Orb.
     0 | D:1      | mopl set off with: a +2 scale mail, a +0 spear, a potion of lignification {!q}, a +0 dagger, a bread ration
     0 | D:1      | Reached XP level 1. HP: 15/15 MP: 1/1
   147 | D:1      | Reached XP level 2. HP: 14/21 MP: 2/2
   292 | D:1      | Reached skill level 4 in Armour
   704 | D:1      | Reached XP level 3. HP: 26/26 MP: 3/3
   970 | D:2      | Found a radiant altar of Vehumet.
  1104 | D:2      | Noticed Sigmund
  1126 | D:2      | Killed Sigmund
  1126 | D:2      | Reached skill level 2 in Fighting
  1126 | D:2      | Reached skill level 3 in Axes
  1126 | D:2      | Reached skill level 5 in Armour
  1126 | D:2      | Reached XP level 4. HP: 27/33 MP: 4/4
  1126 | D:2      | Reached XP level 5. HP: 31/38 MP: 5/5
  1270 | D:2      | Found a shadowy altar of Dithmenos.
  1423 | D:2      | Reached XP level 6. HP: 44/44 MP: 6/6
  1424 | D:2      | Found a burning altar of Makhleb.
  1426 | D:2      | Found a hide-covered altar of Uskayaw.
  1427 | D:2      | Found a snail-covered altar of Cheibriados.
  1427 | D:2      | Found a stormy altar of Qazlal.
  1427 | D:2      | Found a shattered altar of Ashenzari.
  1445 | D:2      | Became a worshipper of Uskayaw the Reveler
  1533 | D:2      | Reached * piety under Uskayaw
  1745 | D:3      | Reached ** piety under Uskayaw
  1750 | D:3      | Reached *** piety under Uskayaw
  1949 | D:3      | Reached skill level 4 in Axes
  1979 | D:3      | HP: 1/44 [river rat (3)]
  1981 | D:3      | Slain by a river rat

Skill      XL: |  1  2  3  4  5  6 |
---------------+-------------------+-----
Armour         | 4 5 |  5.3
Fighting       | 2 |  2.2
Axes           | 3 4 |  4.0
Polearms       | |  1.0
Dodging        | |  1.0
Stealth        | |  2.4
Shields        | |  1.2

Action                   |  1- 3 |  4- 6 || total
-------------------------+-------+-------++-------
Melee: Spear             |    57 |       ||    57
       Hand axe          |    74 |   101 ||   175
 Abil: Dig               |       |     1 ||     1
  Use: Potion            |     1 |     2 ||     3
 Stab: Paralysed         |       |     2 ||     2
  Eat: Chunk             |     1 |     3 ||     4
Armor: Scale mail        |    75 |    53 ||   128
       Skin              |     8 |       ||     8
Dodge: Dodged            |    62 |    57 ||   119
